AoeStats
← 1323nel

Four Lakes

510131028Analyzed
1v1 RM · 3d ago on Sep 29, 2026· 38m 40s· 2 players
Game mode
Random Map
Map size
Tiny (2 player)
Population
200
Speed
Normal
Resources
Standard
Victory
Conquest
Starting age
Dark Age
Ending age
Imperial Age
RankedLock teamsTeams togetherTeam positionsShared explorationLock speedFull tech treeHidden civsTurbo modeCheats
Victory
Defeat
🇮🇪 Japanese · Ireland
722
+17
🇿🇦 Teutons · South Africa
735
-17
ciaranomalley90
5:23 Loom
10:10 Feudal Age
10:36 Double-Bit Axe
12:22 Wheelbarrow
13:35 Fishing Lines
15:14 Horse Collar
21:56 Castle Age
23:48 Fletching
23:55 Fletching
28:25 Imperial Age
31:29 Bow Saw
31:42 Scale Mail Armor
31:53 Forging
33:56 Two-Man Saw
32:49 Gold Mining
33:41 Kataparuto
35:32 Chain Mail Armor
35:53 Iron Casting
36:29 Chemistry
35:38 Siege Engineers
36:07 Murder Holes
38:12 Bodkin Arrow
38:48 Plate Mail Armor
1323nel
10:22 Loom
12:44 Feudal Age
13:27 Man-at-Arms
13:53 Arson
14:50 Scale Mail Armor
15:44 Forging
17:20 Wheelbarrow
16:37 Double-Bit Axe
16:49 Horse Collar
22:41 Castle Age
20:43 Town Watch
20:50 Stone Mining
20:59 Gold Mining
25:53 Stone Shaft Mining
25:33 Squires
24:55 Long Swordsman
25:21 Gambesons
25:29 Gambesons
25:58 Bloodlines
27:00 Town Patrol
28:50 Long Swordsman
31:06 Masonry
31:17 Ballistics
37:23 Imperial Age
37:21 Hand Cart
38:45 Heavy Plow
38:34 Heavy Scorpion
Connection lost

Rejoining the realm…

Still unreachable

The connection could not be restored.

Session expired

The server has moved on; the page needs a fresh start.